 Dungeon Sprint DCSS version 0.29-a0-1027-gcd8c55af63 (webtiles) character file.

Game seed: 15977677033411537238

46 mhtbhm the Covert (level 3, -3/19 HPs)
             Began as a Spriggan Brigand on Aug 12, 2022.
             Slain by a wolf (6 damage)
             ... in the Dungeon (Sprint III: "The Ten Rune Challenge").
             The game lasted 00:00:23 (213 turns).

mhtbhm the Covert (Spriggan Brigand)                 Turns: 213, Time: 00:00:23

Health: -3/19      AC:  3    Str:  7    XL:     3   Next: 44%
Magic:  4/4        EV: 17    Int: 12    God:
Gold:   6          SH:  0    Dex: 18    Spells: 2/2 levels left

rFire   . . .      SeeInvis +   a - +2 dagger
rCold   . . .      Faith    .   (no shield)
rNeg    . . .      Spirit   .   b - +0 robe
rPois   .          Reflect  .   (helmet restricted)
rElec   .          Harm     .   c - +0 cloak
rCorr   .          Rampage  .   (gloves unavailable)
Will    .....      NoTele   +   (boots unavailable)
Stlth   +++++.....              (no amulet)
HPRegen 0.06/turn               (no ring)
MPRegen 0.09/turn               (no ring)

@: very quick
A: very small, no large weapons, unfitting armour, see invisible, speed 3
a: no special abilities


You were in the Dungeon.
You visited 1 branch You collected 6 gold pieces.

Inventory:

Hand Weapons
 a - a +2 dagger (weapon)
Missiles
 d - 9 poisoned darts
 e - a curare-tipped dart (quivered)
Armour
 b - a +0 robe (worn)
 c - a +0 cloak (worn)
Scrolls
 k - a scroll of blinking
Potions
 f - a potion of curing
 g - a potion of heal wounds
 h - a potion of haste
 i - 2 potions of magic
 j - a potion of berserk rage


   Skills:
 + Level 2.7 Fighting
 + Level 3.4 Short Blades
 + Level 2.8 Throwing
 + Level 2.0 Dodging
 + Level 10.2 Stealth


You had 2 spell levels left.
You didn't know any spells.
Your spell library was empty.

Dungeon Overview and Level Annotations

Branches:
Dungeon (1/1)

Altars:


Innate Abilities, Weirdness & Mutations

You are very small and have problems with some larger weapons.
You are too small for most types of armour.
You have supernaturally acute eyesight. (SInv)
You cover ground extremely quickly. (Speed+++)


Message History

The human is moderately wounded.
Throw: 2 darts (curare)
Press: ? - help, Q - select action, (/) - cycle Shift-Dir - straight line, f/p - human
Aim: a human (moderately wounded, very poisoned, slow, 51% to hit)
You throw a curare-tipped dart. The curare-tipped dart hits the human.
The human looks as sick as possible!
The human convulses.
The human seems to be slow for longer.
The human is heavily wounded.
Throw: dart (curare)
Press: ? - help, Q - select action, (/) - cycle Shift-Dir - straight line, f/p - human
Aim: a human (heavily wounded, extremely poisoned, slow, 51% to hit)
You throw a curare-tipped dart. The curare-tipped dart hits the human.
The human looks as sick as possible!
The human convulses.
The human seems to be slow for longer.
The human is almost dead.
You closely miss the human.
The human is almost dead.
You closely miss the human.
The human is almost dead.
You kill the human!
Your Dodging skill increases to level 2!
Your Stealth skill increases to level 10!
You have reached level 3!
Your experience leads to an increase in your attributes!
Increase (S)trength, (I)ntelligence, or (D)exterity?
You feel agile. x2
A wolf comes into view.
The wolf howls!
You barely miss the wolf. The wolf closely misses you. The wolf bites you!
The wolf closely misses you. The wolf bites you. The wolf barely misses you.
The wolf attacks as you move away! The wolf bites you but does no damage.
The wolf attacks as you move away! The wolf closely misses you.
You see here a curare-tipped dart.
e - a curare-tipped dart The wolf bites you!
* * * LOW HITPOINT WARNING * * *
The wolf bites you.
You die...

▓▓▓▓▓▓▓▓▓ ▓▓
▓<..#(..#### #.#
▓...#......## ..#
▓..##.....).# ..#
▓##.##.##...# ..#
##.##.###..# +#..#
▓#.####.##..# #.(.+
▓.###..##..####@..#
▓#.....##†.###.h..#
###..##...##.....#
##..##....#......#
#..###..##.#.....#
#..# #.. ####....#
▓▓▓▓ ▓▓▓ ▓▓▓▓▓▓


You could see a wolf.

Vanquished Creatures
  Jessica (D)
  A human (D)
  3 rats (D)
5 creatures vanquished.

Notes
Turn   | Place    | Note
-------+----------+-------------------------------------------
     0 | D        | mhtbhm the Spriggan Brigand began the quest for the Orb.
     0 | D        | Reached XP level 1. HP: 10/10 MP: 2/2
    12 | D        | Reached skill level 6 in Stealth
    24 | D        | Noticed Jessica
    30 | D        | Killed Jessica
    31 | D        | Reached skill level 9 in Stealth
    31 | D        | Reached XP level 2. HP: 8/16 MP: 3/3
   205 | D        | Reached skill level 10 in Stealth
   205 | D        | Reached XP level 3. HP: 19/19 MP: 4/4
   213 | D        | Slain by a wolf

Illustrated notes

Levels and vault maps discovered:
D:        dungeon_sprint_mu [sprint_mu_entry_cave, sprint_mu_temple_rooms,
          sprint_mu_d1_horrors, sprint_mu_d2_genie, sprint_mu_d3_branching,
          sprint_mu_orc_legion, sprint_mu_elf_gauntlet, sprint_mu_hive_nellie,
          sprint_mu_lair_fedhas, sprint_mu_vaults_butterflies,
          sprint_mu_slime_circle, sprint_mu_swamp_cave, sprint_mu_shoals_archi,
          sprint_mu_blade_basic, sprint_mu_crypt_lich, sprint_mu_tomb_spiral,
          sprint_mu_vestibule_basic, sprint_mu_gehenna_hellfire,
          sprint_mu_dis_giant, sprint_mu_tartarus_statrot,
          sprint_mu_cocytus_islands, sprint_mu_zot1]

Skill      XL: |  1  2 |
---------------+-------+-----
Fighting       | 2 |  2.7
Stealth        | 9 10 | 10.2
Short Blades   | 3 |  3.4
Dodging        | 2 |  2.0
Throwing       | |  2.8

Action                   || total
-------------------------++-------
Melee: Dagger            ||     9
Throw: Dart              ||     4
 Stab: Sleeping          ||     2
Armor: Robe              ||     1
Dodge: Dodged            ||     5

Table legend: (Time is in decaauts)
 A = Elapsed time spent in this place.
 B = Non-inter-level travel time spent in this place.
 C = Inter-level travel time spent in this place.
 D = Time resting spent in this place.
 E = Time spent auto-exploring this place.
 F = Levels seen in this place.
 G = Mean time per level.
                   A        B        C        D        E       F      G
               +--------+--------+--------+--------+--------+-----+--------+
         Total |    194 |    194 |      0 |    154 |     10 |   1 |  194.0 |
       Dungeon |    194 |    194 |      0 |    154 |     10 |   1 |  194.0 |
               +--------+--------+--------+--------+--------+-----+--------+

Top non-repeatable levels by time:
       D: 194 daAuts
